 Dungeon Crawl Stone Soup version 0.30-b1-5-g8e6c1be481 (webtiles) character file.

Game seed: 7268532185369164205

102 KittyFluff the Cudgeller (level 4, -8/29 HPs)
             Began as a Gargoyle Berserker on May 4, 2023.
             Was a Believer of Trog.
             Mangled by an iguana (12 damage)
             ... on level 4 of the Dungeon.
             The game lasted 00:13:15 (2510 turns).

KittyFluff the Cudgeller (Gargoyle Berserker)       Turns: 2510, Time: 00:13:16

Health: -8/29      AC:  7    Str: 20    XL:     4   Next: 78%
Magic:  4/4        EV: 12    Int:  8    God:    Trog [**....]
Gold:   175        SH:  0    Dex: 11    Spells: 3/3 levels left

rFire   + . .        a - +0 mace
rCold   . . .        (no shield)
rNeg    + . .        p - +0 leather armour
rPois   ∞            (no helmet)
rElec   +            (no cloak)
rCorr   .            (no gloves)
SInv    .            (no boots)
Will    .....        (no amulet)
Stlth   +            b - ring of protection from fire
HPRegen 0.24/turn    (no ring)
MPRegen 0.09/turn

%: no passive effects
@: no status effects
A: sickness immunity, AC +3, negative energy resistance 1, electricity
resistance, torment resistance 1, petrification resistance
a: Renounce Religion, Berserk, Trog's Hand


You were on level 4 of the Dungeon.
You worshipped Trog.
Trog was pleased with you.
You visited 1 branch of the dungeon, and saw 4 of its levels.

You collected 175 gold pieces.

Inventory:

Hand Weapons
 a - a +0 mace (weapon)
 k - a +0 sling
Armour
 p - a +0 leather armour (worn)
Jewellery
 b - a ring of protection from fire (left hand)
Wands
 e - a wand of roots (3)
Scrolls
 h - a scroll of noise {unknown}
 i - 2 scrolls of magic mapping {unknown}
 j - a scroll of enchant weapon {unknown}
 m - a scroll of butterflies
Potions
 c - a potion of cancellation
 d - a potion of heal wounds
 f - a potion of attraction {unknown}
 g - 4 potions of curing {unknown}
 l - a potion of brilliance {unknown}
 n - a potion of mutation {unknown}
 o - 2 potions of haste {unknown}
 q - 2 potions of lignification {unknown}


   Skills:
 + Level 3.7 Fighting
 + Level 4.2 Maces & Flails
 * Level 3.1 Armour
 + Level 2.1 Dodging
 + Level 0.7 Stealth


You had 3 spell levels left.
You didn't know any spells.
Your spell library was empty.

Dungeon Overview and Level Annotations

Branches:
Dungeon (4/15)
 Temple: D:4-7

Altars:
Fedhas


Innate Abilities, Weirdness & Mutations

You are immune to sickness and miasma.
Your stone body is resilient. (AC +3)
You are immune to poison.
You resist negative energy. (rN+)
You are resistant to electric shocks. (rElec)
You are resistant to unholy torment.
You are immune to petrification.


Message History

You hit the giant cockroach.
The giant cockroach is almost dead.
The giant cockroach completely misses you.
The giant cockroach bites you.
You hit the giant cockroach but do no damage.
The giant cockroach is almost dead.
The giant cockroach bites you but does no damage.
You hit the giant cockroach but do no damage.
The giant cockroach is almost dead.
The giant cockroach closely misses you. The giant cockroach misses you.
You closely miss the giant cockroach.
The giant cockroach is almost dead.
The giant cockroach barely misses you.
You barely miss the giant cockroach.
The giant cockroach is almost dead.
The giant cockroach bites you but does no damage.
The giant cockroach barely misses you.
You hit the giant cockroach.
You kill the giant cockroach!
Trog accepts your kill.
You see here a hound corpse.
Found a green potion.
g - 4 green potions (gained 1)
An iguana comes into view.
The iguana hisses angrily.
The iguana bites you!
You hit the iguana but do no damage. Your punch misses the iguana.
The iguana closely misses you.
You barely miss the iguana. The iguana closely misses you.
The iguana bites you!
* * * LOW HITPOINT WARNING * * *
You closely miss the iguana.
The iguana bites you but does no damage.
You hit the iguana but do no damage. The iguana barely misses you.
You closely miss the iguana. The iguana bites you.
* * * LOW HITPOINT WARNING * * *
You closely miss the iguana. The iguana bites you.
* * * LOW HITPOINT WARNING * * *
You closely miss the iguana. The iguana misses you. The iguana bites you!
You die...

##### #...#########
##.#.........#
#.....######.#
##.....## #.#
#.......# #.#
#.(.....# #@#
#.......# #l#
####.##.##.# .#.
..##†##.##.# .# #.
...#.##.##.# ## ##
........##.#
.....#####.########
..#### #.........
#... #########.


You could see an iguana.

Vanquished Creatures
  A hound (D:4)
  2 adders
  A shadow imp (D:4)
  2 dart slugs (D:1)
  3 ball pythons
  6 endoplasms
  3 giant cockroaches
  6 goblins
  4 hobgoblins
  2 jackals (D:2)
  A kobold (D:2)
  2 quokkas
  4 bats
  A frilled lizard (D:2)
  2 rats
40 creatures vanquished.

Notes
Turn   | Place    | Note
-------+----------+-------------------------------------------
     0 | D:1      | KittyFluff the Gargoyle Berserker began the quest for the
                  | Orb.
     0 | D:1      | Reached XP level 1. HP: 14/14 MP: 1/1
   155 | D:1      | Found a faded altar of an unknown god.
   224 | D:1      | Reached XP level 2. HP: 3/19 MP: 2/2
   890 | D:2      | Reached XP level 3. HP: 23/23 MP: 3/3
   959 | D:2      | Found a blossoming altar of Fedhas.
  2197 | D:3      | Reached ** piety under Trog
  2198 | D:3      | Reached XP level 4. HP: 28/28 MP: 4/4
  2409 | D:4      | Reached skill level 4 in Maces & Flails
  2510 | D:4      | Mangled by an iguana

Illustrated notes

Levels and vault maps discovered:
D:1:      dpeg_arrival_windows_large_door, layout_basic,
          ebering_ecumenical_altar_box
D:2:      layout_basic, basic_altar, serial_rivers,
          chequers_serial_rivers_room_a, chequers_serial_rivers_micro_c,
          chequers_serial_rivers_marsh, chequers_serial_rivers_room_b
D:3:      layout_loops_cross
D:4:      layout_loops_ring, columned_hall_lemuel

Skill      XL: |  1  2  3  4 |
---------------+-------------+-----
Dodging        | 2 |  2.1
Maces & Flails | 4 |  4.2
Armour         | 3 |  3.1
Fighting       | |  3.7
Stealth        | |  0.7

Action                     |  1- 3 |  4- 6 || total
---------------------------+-------+-------++-------
  Melee: Mace              |    93 |    35 ||   128
    Use: Scroll            |     3 |     1 ||     4
   Stab: Sleeping          |       |     1 ||     1
 Armour: Animal skin       |    24 |       ||    24
         Leather armour    |    13 |    13 ||    26
  Dodge: Dodged            |    56 |    22 ||    78
